 Dungeon Crawl Stone Soup version 0.31-a0-325-g067879e3d3 (webtiles) character file.

Game seed: 8147374176609132140

182 Dittersdorf the Covered (level 5, -3/34 HPs)
             Began as a Gargoyle Fighter on July 18, 2023.
             Slain by an iguana (6 damage)
             ... on level 4 of the Dungeon.
             The game lasted 00:03:27 (2527 turns).

Dittersdorf the Covered (Gargoyle Fighter)          Turns: 2527, Time: 00:03:27

Health: -3/34      AC: 11    Str: 22    XL:     5   Next: 61%
Magic:  5/5        EV:  9    Int:  8    God:
Gold:   207        SH:  4    Dex:  9    Spells: 2/4 levels left

rFire   . . .        a - +0 flail
rCold   . . .        c - +0 buckler
rNeg    + . .        b - +0 scale mail
rPois   ∞            (no helmet)
rElec   +            (no cloak)
rCorr   .            (no gloves)
SInv    .            (no boots)
Will    .....        m - amulet of the acrobat Stlth
                     (no ring)
HPRegen 0.25/turn    (no ring)
MPRegen 0.09/turn

%: acrobat
@: no status effects
A: sickness immunity, AC +4, negative energy resistance 1, electricity
resistance, torment resistance 1, petrification resistance
a: no special abilities


You were on level 4 of the Dungeon.
You visited 1 branch of the dungeon, and saw 4 of its levels.

You collected 207 gold pieces.

Inventory:

Hand Weapons
 a - a +0 flail (weapon)
Armour
 b - a +0 scale mail (worn)
 c - a +0 buckler (worn)
Jewellery
 m - an amulet of the acrobat (around neck)
Scrolls
 g - 5 scrolls of identify {unknown}
 k - 2 scrolls of poison {unknown}
 l - a scroll of teleportation {unknown}
 n - a scroll of enchant weapon {unknown}
Potions
 d - 2 potions of might
 e - 2 potions of enlightenment {unknown}
 f - a potion of mutation {unknown}
 h - a potion of invisibility {unknown}
 i - a potion of curing {unknown}
 j - 3 potions of lignification {unknown}
 o - a potion of heal wounds {unknown}


   Skills:
 + Level 4.3 Fighting
 + Level 3.2 Maces & Flails
 + Level 4.4 Armour
 + Level 4.3 Shields


You had 2 spell levels left.
You knew the following spells:

 Your Spells              Type           Power      Damage    Failure   Level
a - Passwall              Tmut/Erth      0%         N/A       90%         2

Your spell library contained the following spells:

 Spells                   Type           Power      Damage    Failure   Level
 Sandblast                Erth           0%         2d4       80%         1
 Stone Arrow              Conj/Erth      0%         3d7       99%         3


Dungeon Overview and Level Annotations

Branches:
Dungeon (4/15)
 Temple: D:4-7

Altars:
Cheibriados
Uskayaw
Vehumet

Shops:
D:2 *


Innate Abilities, Weirdness & Mutations

You are immune to sickness and miasma.
Your stone body is resilient. (AC +4)
You are immune to poison.
You resist negative energy. (rN+)
You are resistant to electric shocks. (rElec)
You are resistant to unholy torment.
You are immune to petrification.


Message History

You are too injured to fight recklessly!
You are too injured to fight recklessly!
You are too injured to fight recklessly!
You are too injured to fight recklessly!
You are too injured to fight recklessly!
You are too injured to fight recklessly!
You are too injured to fight recklessly!
You are too injured to fight recklessly!
You are too injured to fight recklessly!
You are too injured to fight recklessly!
You are too injured to fight recklessly!
You are too injured to fight recklessly!
You are too injured to fight recklessly!
You are too injured to fight recklessly!
You are too injured to fight recklessly!
You are too injured to fight recklessly!
You closely miss the iguana.
The iguana is lightly wounded.
The iguana bites you.
* * * LOW HITPOINT WARNING * * *
You hit the iguana but do no damage.
The iguana is lightly wounded.
The iguana bites you.
* * * LOW HITPOINT WARNING * * *
You closely miss the iguana.
The iguana is lightly wounded.
The iguana bites you.
* * * LOW HITPOINT WARNING * * *
The iguana bites you.
* * * LOW HITPOINT WARNING * * *
You hit the iguana but do no damage.
The iguana is lightly wounded.
The iguana misses you.
You sock the iguana!
The iguana is almost dead.
The iguana closely misses you.
You closely miss the iguana.
The iguana is almost dead.
The iguana bites you.
You die...

#
..##.#####+###+#
.....>..........
.......@<.....#
......l.......#
..##...####+###
#... .....
...... .......
#.####.


You could see an iguana.

Vanquished Creatures
  2 orc wizards
  A hound zombie (D:2)
  A mummy (D:3)
  An adder (D:2)
  An adder zombie (D:2)
  An adder skeleton (D:2)
  A worm (D:2)
  4 dart slugs
  14 orcs
  5 ball pythons
  5 endoplasms
  A giant cockroach (D:3)
  5 goblins (D:1)
  4 hobgoblins
  3 quokkas
  2 ball python skeletons (D:2)
  4 bats
  5 frilled lizards
  4 kobolds
  4 rats
68 creatures vanquished.

Notes
Turn   | Place    | Note
-------+----------+-------------------------------------------
     0 | D:1      | Dittersdorf the Gargoyle Fighter began the quest for the
                  | Orb.
     0 | D:1      | Reached XP level 1. HP: 14/14 MP: 1/1
   139 | D:1      | Reached XP level 2. HP: 12/19 MP: 2/2
   302 | D:1      | Reached XP level 3. HP: 19/23 MP: 3/3
   345 | D:1      | Found a faded altar of an unknown god.
   579 | D:2      | Reached XP level 4. HP: 27/29 MP: 4/4
   959 | D:2      | Found Wiboaw's General Store.
  1391 | D:3      | Found a radiant altar of Vehumet.
  1525 | D:2      | Reached XP level 5. HP: 32/33 MP: 5/5
  1571 | D:3      | Learned a level 2 spell: Passwall
  1784 | D:3      | Found a snail-covered altar of Cheibriados.
  1971 | D:3      | Found a hide-covered altar of Uskayaw.
  2527 | D:4      | Slain by an iguana

Illustrated notes

Levels and vault maps discovered:
D:1:      ncdulo_wetmaze, layout_rooms, nicolae_ecumenical_snake_handling,
          minmay_cut_off
D:2:      layout_loops_corners, serial_shops, nicolae_shop_rolling_square,
          serial_undead, serial_undead_d, serial_undead_d, serial_undead_e,
          serial_undead_c
D:3:      layout_basic, slow_altar_2, nicolae_overflow_crystal_walls,
          nicolae_uskayaw_dance_hall, dreamdust_princess_bridge
D:4:      layout_gridville, mainiacjoe_overflow_24_doors,
          nemelex_dance_club_becter, minmay_manual_monstrance

Skill      XL: |  1  2  3  4 |
---------------+-------------+-----
Armour         | 4 |  4.4
Fighting       | 4 |  4.3
Shields        | 4 |  4.3
Maces & Flails | 3 |  3.2

Action                     |  1- 3 |  4- 6 || total
---------------------------+-------+-------++-------
  Melee: Flail             |    90 |   162 ||   252
 Armour: Scale mail        |    55 |    96 ||   151
  Dodge: Dodged            |    40 |    97 ||   137
  Block: Buckler           |    12 |    40 ||    52

Table legend: (Time is in decaauts)
 A = Elapsed time spent in this place.
 B = Non-inter-level travel time spent in this place.
 C = Inter-level travel time spent in this place.
 D = Time resting spent in this place.
 E = Time spent auto-exploring this place.
 F = Levels seen in this place.
 G = Mean time per level.
                   A        B        C        D        E       F      G
               +--------+--------+--------+--------+--------+-----+--------+
         Total |   2610 |   2535 |     75 |    198 |   1728 |   4 |  652.5 |
       Dungeon |   2610 |   2535 |     75 |    198 |   1728 |   4 |  652.5 |
               +--------+--------+--------+--------+--------+-----+--------+

Top non-repeatable levels by time:
     D:2: 1028 daAuts
     D:3: 1006 daAuts
     D:1: 561 daAuts
     D:4: 14 daAuts
